NWL (28 & UNDER)
RIVERSIDE RED BULLS @ BISMARK BORDER GUARDS
04/25/2030
 
TOP OF THE 1ST
Riverside Red Bulls batting - Pitching for Bismark Border Guards : RHP Nick Clark
Pitching: RHP Nick Clark
Batting: RHB Randall Luna 0-0: Ball
1-0: Called Strike
1-1: SINGLE (Flyball, 7LS)
Batting: SHB Carlos Ramírez 0-0: Ball
Randall Luna is caught stealing 2nd base
1-0: Ball
2-0: Ground out 6-3 (Groundball, 6)
Batting: RHB John Burton 0-0: Reached on error, E6 (Groundball, 6)
Batting: LHB Gabriel Estrada 0-0: Ball
1-0: Foul Ball, location: 2F
1-1: Ball
2-1: Ball
3-1: Called Strike
3-2: Foul Ball, location: 2F
3-2: Strikes out looking
Top of the 1st over - 0 runs, 1 hit, 1 error, 1 left on base; Riverside 0 - Bismark 0
BOTTOM OF THE 1ST
Bismark Border Guards batting - Pitching for Riverside Red Bulls : RHP Juan Padilla
Pitching: RHP Juan Padilla
Batting: RHB Alfredo Farías 0-0: Ball
1-0: Foul Ball, location: 2F
1-1: Ball
2-1: Foul Ball, location: 2F
2-2: Ball
3-2: Base on Balls
Batting: RHB Warren Martin 0-0: Ball
1-0: Called Strike
1-1: Foul Ball, location: 2F
1-2: Ball
2-2: Ball
3-2: SINGLE (Line Drive, 4MD)
Alfredo Farías to second
Alfredo Farías to third
Batting: RHB Sergio Solíz 0-0: Swinging Strike
0-1: Fly out, F7 (Flyball, 78M)
Runner from 3rd tags up, SCORES, no throw
Batting: LHB Alan Moore 0-0: Grounds into double play, 5-4-3 (Groundball, 56)
Bottom of the 1st over - 1 run, 1 hit, 0 errors, 0 left on base; Riverside 0 - Bismark 1
TOP OF THE 2ND
Riverside Red Bulls batting - Pitching for Bismark Border Guards : RHP Nick Clark
Batting: RHB Robert Stevens 0-0: Ball
1-0: Fly out, F9 (Flyball, 9S)
Batting: RHB Bobby Miller 0-0: Ball
1-0: Ground out 6-3 (Groundball, 6)
Batting: RHB Luis Flores 0-0: Ground out 6-3 (Groundball, 6)
Top of the 2nd over - 0 runs, 0 hits, 0 errors, 0 left on base; Riverside 0 - Bismark 1
BOTTOM OF THE 2ND
Bismark Border Guards batting - Pitching for Riverside Red Bulls : RHP Juan Padilla
Batting: RHB Leonard Harris 0-0: Called Strike
0-1: SINGLE (Groundball, 6D)
Batting: RHB Mario Carranza 0-0: Ball
1-0: Ball
2-0: Ball
3-0: Base on Balls
Leonard Harris to second
Batting: RHB Danny Spode 0-0: Ground out 3-1 (Groundball, 34S)
Leonard Harris to third
Mario Carranza to second
Batting: SHB Richard Griffin 0-0: Called Strike
0-1: Ground out 3-1 (Groundball, 34)
Leonard Harris scores
Mario Carranza to third
Batting: LHB Manuel Pérez 0-0: Called Strike
0-1: Ball
1-1: Ball
2-1: Ball
Wild Pitch!
Mario Carranza scores
3-1: Ground out U3 (Groundball, 3S)
Bottom of the 2nd over - 2 runs, 1 hit, 0 errors, 0 left on base; Riverside 0 - Bismark 3
TOP OF THE 3RD
Riverside Red Bulls batting - Pitching for Bismark Border Guards : RHP Nick Clark
Batting: RHB Steve West 0-0: Ball
1-0: Called Strike
1-1: SINGLE (Groundball, 4MD)
Batting: SHB Ángel Estrada 0-0: Foul Ball, location: 2F
0-1: Ball
1-1: Foul Ball, location: 2F
1-2: Strikes out swinging
Batting: RHB Randall Luna 0-0: Called Strike
0-1: Ground out 3-1 (Groundball, 34S)
Steve West to second
Batting: SHB Carlos Ramírez 0-0: Called Strike
0-1: Ball
1-1: Ball
2-1: Ground out U3 (Groundball, 3)
Top of the 3rd over - 0 runs, 1 hit, 0 errors, 1 left on base; Riverside 0 - Bismark 3
BOTTOM OF THE 3RD
Bismark Border Guards batting - Pitching for Riverside Red Bulls : RHP Juan Padilla
Batting: RHB Alfredo Farías 0-0: Ball
1-0: Ball
2-0: Called Strike
2-1: Ground out 6-3 (Groundball, 6)
Batting: RHB Warren Martin 0-0: Called Strike
0-1: Ball
1-1: Foul Ball, location: 2F
1-2: Ball
2-2: Ball
3-2: Ground out 6-3 (Groundball, 6)
Batting: RHB Sergio Solíz 0-0: Ball
1-0: Foul Ball, location: 2F
1-1: Foul Ball, location: 2F
1-2: SINGLE (Groundball, 34D)
Batting: LHB Alan Moore 0-0: Ball
1-0: Ball
2-0: Called Strike
2-1: Called Strike
2-2: Ball
3-2: Ground out 4-3 (Groundball, 4S)
Bottom of the 3rd over - 0 runs, 1 hit, 0 errors, 1 left on base; Riverside 0 - Bismark 3
TOP OF THE 4TH
Riverside Red Bulls batting - Pitching for Bismark Border Guards : RHP Nick Clark
Batting: RHB John Burton 0-0: Fly out, F9 (Line Drive, 9)
Batting: LHB Gabriel Estrada 0-0: Foul Ball, location: 2F
0-1: Ball
1-1: Called Strike
1-2: Ball
2-2: Ground out 1-3 (Groundball, 13)
Batting: RHB Robert Stevens 0-0: Called Strike
0-1: Ball
1-1: Ball
2-1: SINGLE (Line Drive, 7S)
Batting: RHB Bobby Miller 0-0: Foul Ball, location: 2F
0-1: Ball
1-1: Ball
2-1: Ball
Wild Pitch!
Robert Stevens to second
3-1: Swinging Strike
3-2: SINGLE (Groundball, 56D)
Robert Stevens to third
Robert Stevens scores
Batting: RHB Luis Flores 0-0: Called Strike
0-1: Called Strike
0-2: Ball
1-2: Foul Ball, location: 2F
1-2: Ball
Wild Pitch!
Bobby Miller to second
2-2: Foul Ball, location: 2F
2-2: Strikes out swinging
Top of the 4th over - 1 run, 2 hits, 0 errors, 1 left on base; Riverside 1 - Bismark 3
BOTTOM OF THE 4TH
Bismark Border Guards batting - Pitching for Riverside Red Bulls : RHP Juan Padilla
Batting: RHB Leonard Harris 0-0: Ball
1-0: Ball
2-0: SINGLE (Line Drive, 56D)
Batting: RHB Mario Carranza 0-0: Ball
1-0: Foul Ball, location: 2F
1-1: Ball
2-1: Ball
3-1: Foul Ball, location: 2F
3-2: Strikes out swinging
Leonard Harris steals 2nd base
Batter strikes out.
Batting: RHB Danny Spode 0-0: Swinging Strike
0-1: Ball
1-1: Ball
2-1: Ball
3-1: Base on Balls
Batting: SHB Richard Griffin 0-0: Called Strike
0-1: Ball
1-1: 3-RUN HOME RUN (Flyball, 9LD), Distance : 372 ft
Batting: LHB Manuel Pérez 0-0: Called Strike
0-1: Ball
1-1: Fly out, F3 (Line Drive, 34)
Batting: RHB Alfredo Farías 0-0: Called Strike
0-1: Called Strike
0-2: Ball
1-2: Ball
2-2: Ball
3-2: Fly out, F9 (Line Drive, 89M)
Bottom of the 4th over - 3 runs, 2 hits, 0 errors, 0 left on base; Riverside 1 - Bismark 6
TOP OF THE 5TH
Riverside Red Bulls batting - Pitching for Bismark Border Guards : RHP Nick Clark
Batting: RHB Steve West 0-0: Called Strike
0-1: Foul Ball, location: 2F
0-2: Ball
1-2: Ball
2-2: Strikes out swinging
Batting: SHB Ángel Estrada 0-0: Ball
1-0: Ball
2-0: Swinging Strike
2-1: Foul Ball, location: 2F
2-2: Ball
3-2: Foul Ball, location: 2F
3-2: Base on Balls
Batting: RHB Randall Luna 0-0: Called Strike
0-1: Grounds into double play, 4-6-3 (Groundball, 4)
Top of the 5th over - 0 runs, 0 hits, 0 errors, 0 left on base; Riverside 1 - Bismark 6
BOTTOM OF THE 5TH
Bismark Border Guards batting - Pitching for Riverside Red Bulls : RHP Juan Padilla
Batting: RHB Warren Martin 0-0: Foul Ball, location: 2F
0-1: Foul Ball, location: 2F
0-2: Ball
1-2: Strikes out swinging
Batting: RHB Sergio Solíz 0-0: Called Strike
0-1: Fly out, F3 (Popup, 23F)
Batting: LHB Alan Moore 0-0: Called Strike
0-1: Ball
1-1: Called Strike
1-2: Ball
2-2: Strikes out looking
Bottom of the 5th over - 0 runs, 0 hits, 0 errors, 0 left on base; Riverside 1 - Bismark 6
TOP OF THE 6TH
Riverside Red Bulls batting - Pitching for Bismark Border Guards : RHP Nick Clark
Batting: SHB Carlos Ramírez 0-0: Ball
1-0: Ball
2-0: Called Strike
2-1: Foul Ball, location: 2F
2-2: Ground out U3 (Groundball, 34)
Batting: RHB John Burton 0-0: SINGLE (Flyball, 78M)
Batting: LHB Gabriel Estrada 0-0: Ball
1-0: Ball
2-0: Ball
3-0: Called Strike
3-1: Base on Balls
John Burton to second
Batting: RHB Robert Stevens 0-0: Ball
1-0: Foul Ball, location: 2F
1-1: Foul Ball, location: 2F
1-2: Ball
2-2: Ball
3-2: Foul Ball, location: 2F
3-2: Foul Ball, location: 2F
3-2: Base on Balls
John Burton to third
Gabriel Estrada to second
Pitching: LHP Vicente Mojica
Batting: RHB Bobby Miller 0-0: Ball
1-0: Called Strike
1-1: Foul Ball, location: 2F
1-2: Ball
2-2: Ball
3-2: Base on Balls
John Burton scores
Gabriel Estrada to third
Robert Stevens to second
Batting: RHB Luis Flores 0-0: Foul Ball, location: 2F
0-1: Swinging Strike
0-2: Foul Ball, location: 2F
0-2: Ball
1-2: Hit by Pitch
Gabriel Estrada scores
Robert Stevens to third
Bobby Miller to second
Batting: RHB Steve West 0-0: Ball
1-0: Ball
2-0: Ball
3-0: Called Strike
3-1: Swinging Strike
3-2: Base on Balls
Robert Stevens scores
Bobby Miller to third
Luis Flores to second
Batting: SHB Ángel Estrada 0-0: Called Strike
0-1: Swinging Strike
0-2: Ball
1-2: Ball
2-2: Ball
3-2: Foul Ball, location: 2F
3-2: Foul Ball, location: 2F
3-2: Base on Balls
Bobby Miller scores
Luis Flores to third
Steve West to second
Batting: RHB Randall Luna 0-0: Called Strike
0-1: Ball
1-1: Foul Ball, location: 2F
1-2: Foul Ball, location: 2F
1-2: Strikes out swinging
Batting: SHB Carlos Ramírez 0-0: Ball
1-0: Called Strike
1-1: Foul Ball, location: 2F
1-2: Strikes out looking
Top of the 6th over - 4 runs, 1 hit, 0 errors, 3 left on base; Riverside 5 - Bismark 6
BOTTOM OF THE 6TH
Bismark Border Guards batting - Pitching for Riverside Red Bulls : RHP Juan Padilla
Pitching: RHP Júlio Vargas
Batting: RHB Leonard Harris 0-0: Foul Ball, location: 2F
0-1: Foul Ball, location: 2F
0-2: Strikes out swinging
Batting: RHB Mario Carranza 0-0: SINGLE (Line Drive, 56D)
Batting: RHB Danny Spode 0-0: Swinging Strike
0-1: Ball
1-1: Ball
2-1: Foul Ball, location: 2F
2-2: Ball
3-2: Grounds into double play, 1-6-3 (Groundball, 13S)
Bottom of the 6th over - 0 runs, 1 hit, 0 errors, 0 left on base; Riverside 5 - Bismark 6
TOP OF THE 7TH
Riverside Red Bulls batting - Pitching for Bismark Border Guards : LHP Vicente Mojica
Batting: RHB John Burton 0-0: Ball
1-0: Called Strike
1-1: Fly out, F6 (Line Drive, 6M)
Batting: LHB Gabriel Estrada 0-0: Ball
1-0: Foul Ball, location: 2F
1-1: Ball
2-1: Foul Ball, location: 2F
2-2: Foul Ball, location: 2F
2-2: Strikes out swinging
Batting: RHB Robert Stevens 0-0: Ball
1-0: Ball
2-0: Foul Ball, location: 2F
2-1: Swinging Strike
2-2: Ground out 6-3 (Groundball, 56D)
Top of the 7th over - 0 runs, 0 hits, 0 errors, 0 left on base; Riverside 5 - Bismark 6
BOTTOM OF THE 7TH
Bismark Border Guards batting - Pitching for Riverside Red Bulls : RHP Júlio Vargas
Batting: SHB Richard Griffin 0-0: Foul Ball, location: 2F
0-1: Foul Ball, location: 2F
0-2: Ball
1-2: Ball
2-2: Foul Ball, location: 2F
2-2: SINGLE (Line Drive, 4D)
Batting: LHB Manuel Pérez 0-0: Called Strike
0-1: Sac Bunt - play at first, batter OUT! 2-4
Richard Griffin to second
Pinch Hitting: RHB Vincent Braun 0-0: Called Strike
0-1: Ball
1-1: Fly out, F8 (Flyball, 8RD)
Batting: RHB Warren Martin 0-0: Called Strike
0-1: Called Strike
0-2: Ball
1-2: Foul Ball, location: 2F
1-2: Strikes out swinging
Bottom of the 7th over - 0 runs, 1 hit, 0 errors, 1 left on base; Riverside 5 - Bismark 6
TOP OF THE 8TH
Riverside Red Bulls batting - Pitching for Bismark Border Guards : LHP Vicente Mojica
Now in CF: Manuel Duarte
Batting: RHB Bobby Miller 0-0: Ball
1-0: Called Strike
1-1: SINGLE (Line Drive, 6D)
Pitching: RHP Tony Baltazar
Pinch Hitting: LHB Miguel Gálvez 0-0: Called Strike
0-1: Ball
1-1: Ball
2-1: Foul Ball, location: 2F
2-2: Ball
3-2: Foul Ball, location: 2F
3-2: Foul Ball, location: 2F
3-2: DOUBLE (Line Drive, 8LXD)
Bobby Miller to third
Batting: RHB Steve West 0-0: Ball
1-0: Called Strike
1-1: SINGLE (Line Drive, 4MD)
Bobby Miller scores
Miguel Gálvez to third
Runner from 3rd tries for Home, SAFE, no throw
Batting: SHB Ángel Estrada 0-0: Ball
1-0: Foul Ball, location: 2F
1-1: SINGLE (Line Drive, 78M)
Steve West to second
Runner from 2nd tries for 3rd, SAFE, no throw
Batting: RHB Randall Luna 0-0: Ball
Ángel Estrada is caught stealing 2nd base
1-0: Fly out, F9 (Flyball, 89S)
Runner from 3rd tags up, SCORES, throw made
Batting: SHB Carlos Ramírez 0-0: Ball
1-0: Ball
2-0: Ball
3-0: Base on Balls
Batting: RHB John Burton 0-0: Ball
1-0: Swinging Strike
1-1: Ball
2-1: Called Strike
2-2: Fly out, F5 (Line Drive, 5)
Top of the 8th over - 3 runs, 4 hits, 0 errors, 1 left on base; Riverside 8 - Bismark 6
BOTTOM OF THE 8TH
Bismark Border Guards batting - Pitching for Riverside Red Bulls : RHP Júlio Vargas
Now in RF: Miguel Gálvez
Batting: RHB Sergio Solíz 0-0: Ball
1-0: Ball
2-0: Called Strike
2-1: Ball
3-1: Foul Ball, location: 2F
3-2: Strikes out swinging
Batting: LHB Alan Moore 0-0: Ball
1-0: Called Strike
1-1: SOLO HOME RUN (Flyball, 9LD), Distance : 366 ft
Batting: RHB Leonard Harris 0-0: Ball
1-0: Ball
2-0: Ball
3-0: Base on Balls
Batting: RHB Mario Carranza 0-0: Ball
1-0: Ball
2-0: Ball
3-0: Base on Balls
Leonard Harris to second
Batting: RHB Danny Spode 0-0: Ball
1-0: Ball
2-0: Foul Ball, location: 2F
2-1: Ball
3-1: Foul Ball, location: 2F
3-2: Base on Balls
Leonard Harris to third
Mario Carranza to second
Pitching: RHP Will Robinson
Batting: SHB Richard Griffin 0-0: Ball
1-0: Foul Ball, location: 2F
1-1: Called Strike
1-2: Foul Ball, location: 2F
1-2: Strikes out swinging
Batting: LHB Manuel Pérez 0-0: Called Strike
0-1: Called Strike
0-2: Ball
1-2: Ball
2-2: Foul Ball, location: 2F
2-2: Strikes out swinging
Bottom of the 8th over - 1 run, 1 hit, 0 errors, 3 left on base; Riverside 8 - Bismark 7
TOP OF THE 9TH
Riverside Red Bulls batting - Pitching for Bismark Border Guards : RHP Tony Baltazar
Pitching: RHP César Rodríguez
Batting: LHB Gabriel Estrada 0-0: Ball
1-0: Ball
2-0: Foul Ball, location: 2F
2-1: Called Strike
2-2: Ground out 4-3 (Groundball, 4)
Batting: RHB Robert Stevens 0-0: Foul Ball, location: 2F
0-1: Ball
1-1: Foul Ball, location: 2F
1-2: Foul Ball, location: 2F
1-2: Strikes out swinging
Batting: RHB Bobby Miller 0-0: Ball
1-0: Called Strike
1-1: Ground out 6-3 (Groundball, 6M)
Top of the 9th over - 0 runs, 0 hits, 0 errors, 0 left on base; Riverside 8 - Bismark 7
BOTTOM OF THE 9TH
Bismark Border Guards batting - Pitching for Riverside Red Bulls : RHP Will Robinson
Pitching: RHP Ricardo López
Pinch Hitting: LHB David Hernández 0-0: Called Strike
0-1: SINGLE (Flyball, 89M)
Batting: RHB Warren Martin 0-0: Ball
1-0: Ground out 5-3 (Groundball, 56)
David Hernández to second
Batting: RHB Sergio Solíz 0-0: Swinging Strike
0-1: Swinging Strike
0-2: Strikes out swinging
Batting: LHB Alan Moore 0-0: Called Strike
0-1: Ball
1-1: Ground out 4-3 (Groundball, 4)
Bottom of the 9th over - 0 runs, 1 hit, 0 errors, 1 left on base; Riverside 8 - Bismark 7
Saturday, April 7th, 2018 - OOTP Baseball 18.8 Build 76